 Dungeon Crawl Stone Soup version 0.25.1-11-g244df3a29b (webtiles) character file.

Game seed: 4184804590007319448

297066 DeepDeath the Warrior (level 20, -6/191 HPs)
             Began as a Hill Orc Air Elementalist on Dec 18, 2023.
             Was the Champion of Okawaru.
             Killed from afar by a fire dragon (45 damage)
             ... with a blast of flame
             ... on level 3 of the Vaults on Dec 19, 2023.
             The game lasted 04:13:25 (63372 turns).

DeepDeath the Warrior (Hill Orc Air Elementalist)  Turns: 63372, Time: 04:13:27

Health: -6/191     AC: 23    Str: 24    XL:     20   Next: 92%
Magic:  30/30      EV: 13    Int: 15    God:    Okawaru [******]
Gold:   2841       SH: 14    Dex: 11    Spells: 23/27 levels left

rFire    . . .     SeeInvis +   w - +8 broad axe (vorpal)
rCold    + + .     Gourm    .   H - +0 kite shield "Xuybluum" {MR+}
rNeg     + . .     Faith    .   O - +3 chain mail {rC+}
rPois    +         Spirit   .   A - +0 helmet of the Invisible Artisans {Regen+}
rElec    .         Reflect  .   i - scarf {repulsion}
rCorr    .         Harm     .   (no gloves)
MR       ++...                  p - +2 pair of boots {run}
Stlth    ..........             C - amulet of the acrobat
HPRegen  0.81/turn              I - ring "Oziv" {rPois rC+ rN+ Str+4}
MPRegen  0.22/turn              x - ring of see invisible

@: very slightly contaminated, slowed, repel missiles, very slow
A: no striking features
}: 2/15 runes: barnacled, gossamer
a: Heroism, Finesse, Renounce Religion


You were on level 3 of the Vaults.
You worshipped Okawaru.
Okawaru was exalted by your worship.
You were not hungry.

You visited 7 branches of the dungeon, and saw 35 of its levels.
You also visited: Gauntlet and Ice Cave.

You collected 3785 gold pieces.
You spent 944 gold pieces at shops.

Inventory:

Hand Weapons
 e - a +1 broad axe of freezing
 s - a +0 broad axe of flaming
 v - a +1 vampiric war axe
 w - a +8 vorpal broad axe (weapon)
 G - the +7 Singing Sword {vorpal, sonic wave}
   (You took it off an ironbrand convoker on level 3 of the Vaults)

   It inflicts extra damage upon your enemies.
Missiles
 B - 41 boomerangs (quivered)
 J - 53 javelins
 N - 10 throwing nets
 T - 13 datura-tipped darts
 Z - 10 curare-tipped darts
Armour
 i - a scarf of repulsion (worn)
 p - a +2 pair of boots of running (worn)
 r - +0 fire dragon scales
 y - a +0 buckler of resistance
 A - the +0 helmet of the Invisible Artisans (worn) {Regen+}
   (Okawaru gifted it to you on level 4 of the Spider Nest)

   It increases your rate of regeneration.
 H - the +0 kite shield "Xuybluum" (worn) {MR+}
   (You found it on level 1 of the Orcish Mines)

   It affects your resistance to hostile enchantments.
 O - a +3 chain mail of cold resistance (worn)
 W - a +1 scale mail of poison resistance
Jewellery
 n - an uncursed ring of protection from magic
 x - a ring of see invisible (right hand)
 C - an amulet of the acrobat (around neck)
 I - the ring "Oziv" (left hand) {rPois rC+ rN+ Str+4}
   (You found it in an ice cave)

   [ring of protection from cold]

   It affects your strength (+4).
   It protects you from cold.
   It protects you from poison.
   It protects you from negative energy.
 X - an uncursed ring of resist corrosion
Wands
 d - a wand of digging (2)
 q - a wand of acid (20)
 E - a wand of iceblast (18)
 L - a wand of paralysis (19)
 R - a wand of enslavement (38)
 V - a wand of disintegration (27)
Scrolls
 a - 5 scrolls of identify
 g - 5 scrolls of magic mapping
 k - 14 scrolls of teleportation
 m - 17 scrolls of remove curse
 o - 7 scrolls of fear
 z - a scroll of summoning
 D - a scroll of holy word
 Q - 2 scrolls of silence
 U - 3 scrolls of fog
Potions
 b - 5 potions of heal wounds
 c - 12 potions of curing
 h - 5 potions of haste
 j - 5 potions of cancellation
 l - 17 potions of flight
 t - a potion of might
 u - 3 potions of berserk rage
 F - 5 potions of resistance
 M - 2 potions of ambrosia
 P - a potion of stabbing
Miscellaneous
 K - a phantom mirror
 Y - a phial of floods
Comestibles
 f - 47 rations


   Skills:
 + Level 19.1 Fighting
 - Level 17.5(18.1) Axes
   Level 6.7(12.0) Maces & Flails
 + Level 7.2 Throwing
 - Level 18.0 Armour
 - Level 10.0 Dodging
 - Level 2.0 Stealth
 - Level 16.0 Shields
 - Level 4.0 Spellcasting
 - Level 4.0 Conjurations
 - Level 1.0 Charms
 - Level 3.0 Air Magic
 - Level 14.0 Invocations
 - Level 4.0 Evocations


You had 23 spell levels left.
You knew the following spells:

 Your Spells              Type           Power        Failure   Level  Hunger
d - Magic Dart            Conj           ###.         13%         1    None
n - Swiftness             Chrm/Air       #.......     41%         2    ##.....
z - Shock                 Conj/Air       ##..         16%         1    None

Your spell library contained the following spells:

 Spells                   Type           Power        Failure   Level  Hunger
 Searing Ray              Conj           ###...       19%         2    ##.....
 Foxfire                  Conj/Fire      #...         28%         1    None
 Static Discharge         Conj/Air       ##......     43%         3    ###....
 Corpse Rot               Necr/Air       N/A          47%         2    ##.....
 Poisonous Vapours        Pois/Air       #.....       47%         2    ##.....
 Corona                   Hex            #......      54%         1    None
 Pain                     Necr           #...         54%         1    None
 Summon Butterflies       Summ           #.......     54%         1    None
 Mephitic Cloud           Conj/Pois/Air  #.......     61%         3    ###....
 Conjure Flame            Conj/Fire      #.......     65%         3    ###....
 Dazzling Flash           Conj/Hex       #.....       65%         3    ###....
 Blink                    Tloc           N/A          69%         2    ##.....
 Call Imp                 Summ           #.......     69%         2    ##.....
 Ensorcelled Hibernation  Hex/Ice        #.....       69%         2    ##.....
 Slow                     Hex            #.......     69%         2    ##.....
 Sublimation of Blood     Necr           #.........   69%         2    ##.....
 Ozocubu's Armour         Chrm/Ice       #.......     85%         3    ###....
 Spectral Weapon          Hex/Chrm       #.......     85%         3    ###....
 Airstrike                Air            ##........   88%         4    ####...
 Call Canine Familiar     Summ           #.......     89%         3    ###....
 Confusing Touch          Hex            #.......     89%         3    ###....
 Gell's Gravitas          Tloc           #.........   89%         3    ###....
 Ignite Poison            Fire/Tmut/Pois #.......     89%         3    ###....
 Inner Flame              Hex/Fire       #.......     89%         3    ###....
 Spider Form              Tmut/Pois      #.........   89%         3    ###....
 Tukima's Dance           Hex            #.......     89%         3    ###....
 Vampiric Draining        Necr           #.........   89%         3    ###....
 Fulminant Prism          Conj/Hex       #.........   96%         4    ####...
 Iskenderun's Mystic Bla  Conj/Tloc      #.......     96%         4    ####...
 Sticky Flame             Conj/Fire      #.......     96%         4    ####...
 Lightning Bolt           Conj/Air       ##........   99%         5    ######.
 Animate Dead             Necr           N/A          100%        4    ####...
 Dispel Undead            Necr           #.......     100%        4    ####...
 Leda's Liquefaction      Hex/Erth       #.........   100%        4    ####...
 Petrify                  Tmut/Erth      #.......     100%        4    ####...
 Summon Ice Beast         Ice/Summ       #.......     100%        4    ####...
 Agony                    Necr           #.......     100%        5    ######.
 Bolt of Magma            Conj/Fire/Erth #.........   100%        5    ######.
 Borgnjor's Vile Clutch   Necr/Erth      #.........   100%        5    ######.
 Excruciating Wounds      Chrm/Necr      #.........   100%        5    ######.
 Fireball                 Conj/Fire      #.........   100%        5    ######.
 Irradiate                Conj/Tmut      #.........   100%        5    ######.
 Metabolic Englaciation   Hex/Ice        #.........   100%        5    ######.
 Silence                  Hex/Air        #.........   100%        5    ######.
 Summon Mana Viper        Hex/Summ       #.......     100%        5    ######.
 Yara's Violent Unravell  Hex/Tmut       #.........   100%        5    ######.
 Hydra Form               Tmut           #.........   100%        6    #######
 Iron Shot                Conj/Erth      #.........   100%        6    #######
 Simulacrum               Ice/Necr       #.........   100%        6    #######
 Starburst                Conj/Fire      #.........   100%        6    #######
 Statue Form              Tmut/Erth      #........    100%        6    #######
 Dragon Form              Tmut           #.........   100%        7    #######
 Ring of Flames           Chrm/Fire      #.........   100%        7    #######
 Summon Hydra             Summ           #.........   100%        7    #######
 Ignition                 Fire           #.........   100%        8    #######
 Shatter                  Erth           #.........   100%        9    #######


Dungeon Overview and Level Annotations

Branches:
Dungeon (15/15)            Temple (0/1) D:7            Lair (6/6) D:11
 Shoals (4/4) Lair:2       Spider (4/4) Lair:4        Slime (0/5) Lair:5
    Orc (2/2) D:10            Elf (1/3) Orc:2        Vaults (3/5) D:13
  Crypt (0/3) Vaults:2     Depths (0/5) D:15          IceCv (visited)
Gauntlet (visited)

Altars:
Fedhas
Gozag
Hepliaklqana
Kikubaaqudgha
Makhleb
Okawaru
Qazlal
Ru
Trog
Uskayaw
Vehumet
Wu Jian
Yredelemnul
The Shining One
Beogh
Jiyva

Shops:
D:7 :   D:10 %   Orc:2 (:*!   Elf:1 *   Vaults:2 (

Portals:
Pandemonium: Orc:2


Message History

Unknown command.
You're wearing all the rings you can.
Remove which one? (? for menu, Esc to cancel) < or
I - the ring "Oziv" {rPois rC+ rN+ Str+4} > or
n - a ring of protection from magic You remove your ring of protection from magic.
Reactivating autopickup.
x - a ring of see invisible (right hand) Unknown command.
Evoke which item? (* to show all) (? for menu, Esc to quit)
Aiming: Corrosive Bolt
Press: ? - help, Shift-Dir - straight line, f - fire dragon
Aim: a fire dragon (moderately wounded)
The bolt of acid hits the fire dragon.
The fire dragon is splashed with acid.
The acid corrodes the fire dragon!
The fire dragon is heavily wounded.
A shadow wraith comes into view.
The fire dragon breathes flames at you. The blast of flame hits you!!!
You die...

### #.....# ..# #.....#
..# #.....# ..# #.....#
..# #.....# ..# #.....#
..# #.....#
#+##########†...@#
.................#########
.................#.......#
.................#...##..#
................D#|##.#..#
.................W.#.....#
##################..#.##.#
. #...##..+ . #.......#


You could see a fire dragon (catching breath, corroded) and a shadow wraith
(invisible).

Vanquished Creatures
  Rupert (D:13)
  Jorgrun (Shoals:2)
  Frances (Elf:1)
  Polyphemus (Shoals:4)
  2 sphinxes (Vaults:3)
  Ilsuiw (Shoals:4)
  Roxanne (Spider:1)
  A vault warden (Vaults:3)
  An orc warlord (Orc:1)
  2 deep elf sorcerers (Vaults:2)
  A deep elf elementalist (Elf:1)
  3 ghost moths (Spider:4)
  Louise (Spider:1)
  The ghost of prawnwizard the Phalangite, a journeyman MfMo of Hepliaklqana (Orc:1)
  6 emperor scorpions
  7 ironheart preservers
  4 very ugly things (Vaults:2)
  2 stone giants (Vaults:2)
  2 entropy weavers
  Azrael (D:12)
  A white draconian (IceCv)
  A minotaur (Gauntlet)
  3 spark wasps
  Snorg (D:12)
  A minotaur (shapeshifter) (Vaults:3)
  2 ettins
  2 deep elf death magi
  6 merfolk impalers
  3 yaktaur captains
  3 fire dragons
  Erolcha (D:12)
  4 rakshasas
  Harold (D:7)
  2 ice dragons (Vaults:2)
  3 catoblepae
  10 hydras
  8 centaur warriors
  2 alligator snapping turtles
  4 satyrs
  A death knight (D:10)
  4 merfolk aquamancers
  6 merfolk avatars
  5 ogre magi
  2 alligators (Shoals:1)
  10 dancing weapons
  17 two-headed ogres
  The ghost of Gadfly the Carver, a novice BaMo of Cheibriados (D:8)
  A deep troll shaman (Vaults:1)
  8 death yaks
  A deep troll earth mage (Vaults:1)
  3 tengu warriors
  5 orc high priests (Orc:2)
  Nergalle (Lair:4)
  Sonja (Lair:1)
  Urug (Lair:4)
  7 deep elf knights
  2 fire crabs
  A sixfirhy (Orc:2)
  The ghost of growler the Grappler, a novice DrTm of Okawaru (D:8)
  11 sea snakes
  5 deep trolls (Vaults:1)
  7 unseen horrors
  2 wizards
  A swamp dragon (Lair:6)
  2 infernal demonspawn (Orc:2)
  2 torturous demonspawn (Orc:2)
  4 ironbrand convokers
  A lindwurm (Lair:6)
  A phantasmal warrior (Vaults:1)
  11 orc knights
  14 harpies
  16 orb spiders
  4 oklob plants (Lair:6)
  6 deep elf archers
  An orb spider (shapeshifter) (Elf:1)
  28 deep elf magi
  5 necromancers
  24 fauns
  A mana viper (shapeshifter) (Vaults:1)
  4 cyclopes
  10 ugly things
  22 wolf spiders
  9 orc sorcerers
  12 manticores
  A rust devil (Orc:2)
  A centaur zombie (D:11)
  2 large abominations
  8 water nymphs
  6 black mambas
  11 merfolk sirens
  8 vault sentinels
  15 elephants (Lair:6)
  A smoke demon (Orc:2)
  Joseph (D:8)
  A torpor snail (Lair:6)
  2 centaur skeletons (D:13)
  14 spiny frogs
  An ice statue (IceCv)
  A spiny frog (shapeshifter) (Vaults:2)
  Maggie (Lair:1)
  16 yaktaurs
  A kobold demonologist (D:12)
  An efreet (D:14)
  7 komodo dragons
  7 demonic crawlers
  An ice devil (Orc:2)
  3 freezing wraiths
  8 rime drakes
  2 red devils (Orc:2)
  19 jumping spiders
  A queen bee (shapeshifter) (Vaults:1)
  5 trolls
  9 hornets
  26 merfolk
  3 meliai (D:14)
  5 wind drakes
  Grinder (D:6)
  A polar bear (shapeshifter) (D:14)
  A blink frog (shapeshifter) (Vaults:1)
  15 polar bears
  5 blink frogs (Lair:6)
  27 slime creatures
  11 snapping turtles
  6 hippogriffs
  A hippogriff (shapeshifter) (D:11)
  11 dream sheep (Lair:6)
  4 flying skulls (Gauntlet)
  14 water elementals
  3 wraiths
  43 redbacks
  4 air elementals (Elf:1)
  9 fire elementals
  25 tarantellas
  A vampire (D:14)
  54 yaks
  6 basilisks
  A human (shapeshifter) (Vaults:2)
  A wyvern (D:14)
  A golden eye (shapeshifter) (D:14)
  3 fire bats (Shoals:3)
  2 hungry ghosts (D:9)
  A steam dragon (D:14)
  A basilisk (shapeshifter) (Vaults:3)
  6 wargs
  6 acid dragons
  4 hell hounds
  A floating eye (Elf:1)
  19 water moccasins
  6 porcupines
  37 orc warriors
  6 sky beasts
  3 ice beasts
  3 swamp drakes (Lair:6)
  A necrophage (D:5)
  3 phantoms
  18 ogres
  An ogre (shapeshifter) (Vaults:1)
  27 centaurs
  24 wolves
  4 small abominations (Gauntlet)
  14 crocodiles
  3 big kobolds (D:12)
  Blork the orc (D:6)
  5 elf zombies (Elf:1)
  3 earth elementals (Elf:1)
  15 bullfrogs
  A gnoll sergeant (D:11)
  A wyvern skeleton (D:15)
  6 scorpions
  10 killer bees
  3 wights (D:12)
  3 electric eels
  5 howler monkeys
  7 crimson imps
  A bullfrog zombie (D:10)
  A quasit (D:10)
  3 human simulacra
  A hound (D:7)
  6 jellies
  Crazy Yiuf (D:2)
  34 orc priests
  A bullfrog skeleton (D:4)
  9 iguanas
  21 orc wizards
  9 worker ants
  2 hound skeletons
  Robin (D:3)
  3 worker ant zombies
  18 gnolls
  12 adders
  3 shadow imps
  A white imp (Vaults:3)
  5 oozes (D:8)
  An adder zombie (D:7)
  2 adder skeletons
  2 dart slugs
  6 leopard geckos
  87 orcs
  A ball python (D:7)
  3 bats
  3 giant cockroaches
  20 goblins
  9 hobgoblins
  9 jackals
  3 quokkas
  5 frilled lizards
  A jackal skeleton (D:5)
  10 kobolds
  A leopard gecko zombie (D:6)
  6 rats
  A butterfly (Lair:5)
  4 fungi
  13 plants
1384 creatures vanquished.

Vanquished Creatures (collateral kills)
  2 merfolk javelineers (Shoals:4)
  A merfolk aquamancer (Shoals:4)
  3 merfolk sirens (Shoals:4)
  A merfolk (Shoals:4)
7 creatures vanquished.

Vanquished Creatures (others)
  A fire giant (Vaults:3)
  A deep elf knight (Vaults:3)
  A shadow wraith (Vaults:3)
  A merfolk (Shoals:1)
  2 yaks (IceCv)
  A tarantella (Spider:4)
  A basilisk (Lair:6)
  A black bear (Lair:2)
  A wolf (IceCv)
  An orc (Vaults:3)
  A kobold (Orc:1)
  23 fungi
  16 plants (Lair:6)
  4 withered plants (D:8)
55 creatures vanquished.

Grand Total: 1446 creatures vanquished

Notes
Turn   | Place    | Note
-------+----------+-------------------------------------------
     0 | D:1      | DeepDeath the Hill Orc Air Elementalist began the quest for
                  | the Orb.
     0 | D:1      | Reached XP level 1. HP: 14/14 MP: 3/3
   383 | D:1      | Reached XP level 2. HP: 18/22 MP: 0/4
   997 | D:2      | Reached skill level 1 in Fighting
   997 | D:2      | Reached skill level 1 in Axes
  1252 | D:2      | Found a runed translucent door.
  1253 | D:2      | Noticed Crazy Yiuf
  1276 | D:2      | Found a burning altar of Makhleb.
  1289 | D:2      | Found a blossoming altar of Fedhas.
  1460 | D:2      | Reached XP level 3. HP: 21/28 MP: 0/5
  2158 | D:2      | Found a faded altar of an unknown god.
  2233 | D:2      | Reached XP level 4. HP: 32/35 MP: 4/7
  2528 | D:2      | Learned a level 2 spell: Swiftness
  3232 | D:3      | Reached XP level 5. HP: 40/40 MP: 1/8
  4065 | D:3      | Noticed Robin
  4112 | D:3      | Killed Robin
  4112 | D:3      | Reached skill level 5 in Axes
  4323 | D:3      | Found an ancient bone altar of Kikubaaqudgha.
  4634 | D:4      | Reached XP level 6. HP: 38/47 MP: 7/9
  4809 | D:4      | Reached skill level 1 in Armour
  5467 | D:4      | Reached skill level 2 in Fighting
  5468 | D:4      | Reached skill level 1 in Shields
  5468 | D:4      | Reached XP level 7. HP: 55/55 MP: 1/10
  5881 | D:4      | Reached skill level 1 in Charms
  6362 | D:5      | Entered Level 5 of the Dungeon
  6824 | D:5      | Found a sacrificial altar of Ru.
  7220 | D:5      | Reached skill level 3 in Fighting
  7340 | D:5      | Reached XP level 8. HP: 55/61 MP: 2/11
  7754 | D:5      | Reached skill level 1 in Evocations
  7835 | D:5      | Reached skill level 1 in Throwing
  8460 | D:2      | Killed Crazy Yiuf
  9363 | D:6      | Noticed an air elemental
  9366 | D:6      | Found a stormy altar of Qazlal.
  9369 | D:6      | Noticed a water elemental
  9629 | D:6      | Found an iron altar of Okawaru.
  9633 | D:6      | Became a worshipper of Warmaster Okawaru
  9633 | D:6      | Noticed Blork the orc
  9996 | D:6      | Noticed Grinder
 10083 | D:7      | Identified a +2 pair of boots of running (You found it on
                  | level 7 of the Dungeon)
 10238 | D:7      | Found a staircase to the Ecumenical Temple.
 10273 | D:7      | Noticed Harold
 10349 | D:6      | Killed Blork the orc
 10598 | D:7      | Reached skill level 1 in Invocations
 10680 | D:7      | Reached XP level 9. HP: 42/67 MP: 8/12
 10815 | D:6      | Killed Grinder
 11160 | D:7      | Reached * piety under Okawaru
 11160 | D:7      | Reached skill level 10 in Axes
 11708 | D:7      | Killed Harold
 11708 | D:7      | Reached ** piety under Okawaru
 11708 | D:7      | Reached skill level 5 in Armour
 11708 | D:7      | Reached skill level 5 in Shields
 11908 | D:7      | Found Yjourgh's Book Shoppe.
 11934 | D:7      | Found a glowing golden altar of the Shining One.
 12105 | D:7      | You fall into a shaft and drop 3 floors!
 12105 | D:10     | Entered Level 10 of the Dungeon
 12105 | D:10     | Noticed a two-headed ogre
 12106 | D:10     | Noticed a death knight
 12109 | D:10     | Found a staircase to the Orcish Mines.
 12233 | D:9      | Reached XP level 10. HP: 76/76 MP: 14/14
 12416 | D:8      | Reached skill level 4 in Fighting
 12416 | D:8      | Reached XP level 11. HP: 76/82 MP: 15/15
 12606 | D:8      | Found a runed translucent gate.
 12606 | D:8      | Found a runed translucent gate.
 12606 | D:8      | Noticed Gadfly's ghost (novice BaMo)
 12607 | D:8      | Found a runed translucent gate.
 12607 | D:8      | Noticed growler's ghost (novice DrTm)
 12775 | D:8      | Noticed Joseph
 12777 | D:8      | Reached skill level 1 in Maces & Flails
 12818 | D:8      | Killed Joseph
 13302 | D:8      | Reached *** piety under Okawaru
 13499 | D:8      | Reached skill level 5 in Fighting
 13584 | D:9      | Found a bloodstained altar of Trog.
 13588 | D:9      | Found a hide-covered altar of Uskayaw.
 13590 | D:9      | Found an opulent altar of Gozag.
 13592 | D:9      | Found a hazy altar of Hepliaklqana.
 13594 | D:9      | Found a stormy altar of Qazlal.
 14127 | D:9      | Found a radiant altar of Vehumet.
 14546 | D:10     | Found Doegoudgh's Food Emporium.
 14658 | D:10     | Killed a two-headed ogre
 14659 | D:10     | Reached **** piety under Okawaru
 15321 | D:10     | Killed an unseen horror
 15321 | D:10     | Reached skill level 6 in Fighting
 15340 | D:10     | Killed a death knight
 16136 | D:11     | Reached skill level 5 in Maces & Flails
 16750 | D:11     | Found a staircase to the Lair.
 16794 | D:11     | Found a transporter.
 16797 | D:11     | Noticed a fire crab
 16805 | D:11     | Found a glowing golden altar of the Shining One.
 16813 | D:11     | Noticed a salamander
 16815 | D:11     | a salamander changed into a hippogriff
 16829 | D:11     | Reached XP level 12. HP: 88/95 MP: 18/18
 17033 | D:11     | Found a transporter.
 17153 | D:11     | Reached skill level 5 in Invocations
 17422 | D:11     | Reached ***** piety under Okawaru
 18019 | Lair:1   | Entered Level 1 of the Lair of Beasts
 18081 | Lair:1   | Noticed Sonja
 18107 | Lair:1   | Noticed a four-headed hydra
 18117 | Lair:1   | Killed a four-headed hydra
 18117 | Lair:1   | Reached skill level 7 in Fighting
 18133 | Lair:1   | Killed Sonja
 18139 | Lair:1   | Received a gift from Okawaru
 18340 | Lair:1   | Noticed Maggie
 18353 | Lair:1   | Killed Maggie
 18371 | Lair:1   | Identified the cursed +1 leather armour "Uloathue" {rCorr
                  | Int-5 SInv Stlth+} (You found it on level 1 of the Lair of
                  | Beasts)
 18736 | Lair:1   | You fall into a shaft and drop 1 floor!
 19569 | Lair:2   | Reached skill level 10 in Armour
 20402 | Lair:2   | Found a staircase to the Shoals.
 20976 | Lair:3   | Learned a level 1 spell: Magic Dart
 22369 | Lair:4   | Reached skill level 8 in Fighting
 22369 | Lair:4   | Reached XP level 13. HP: 97/105 MP: 19/19
 22716 | Lair:4   | Found a hole to the Spider Nest.
 22807 | Lair:4   | Noticed Urug
 22818 | Lair:4   | Killed Urug
 23065 | Lair:4   | Received a gift from Okawaru
 23226 | Lair:4   | Noticed Nergalle
 23244 | Lair:4   | Killed Nergalle
 23932 | Lair:5   | Reached skill level 9 in Fighting
 23962 | Lair:5   | Received a gift from Okawaru
 23982 | Lair:5   | Found a viscous altar of Jiyva.
 23982 | Lair:5   | Found a staircase to the Slime Pits.
 25010 | Orc:1    | Entered Level 1 of the Orcish Mines
 25025 | Orc:1    | Found a frozen archway.
 25072 | Orc:1    | Found a bloodstained altar of Trog.
 25151 | IceCv    | Entered an ice cave
 25157 | IceCv    | Received a gift from Okawaru
 25771 | IceCv    | Received a gift from Okawaru
 26095 | IceCv    | Reached skill level 10 in Fighting
 26097 | IceCv    | Received a gift from Okawaru
 26454 | IceCv    | Noticed a white draconian
 26491 | IceCv    | Killed a white draconian
 26552 | IceCv    | Found the +8 Wrath of Trog {antimagic, *Rage}
 26565 | IceCv    | Got a scintillating turquoise ring
 26631 | IceCv    | Reached skill level 10 in Invocations
 26640 | IceCv    | Identified the ring "Oziv" {rPois rC+ rN+ Str+4} (You found
                  | it in an ice cave)
 26782 | Orc:1    | Reached XP level 14. HP: 84/122 MP: 21/21
 27008 | Orc:1    | Found a runed translucent gate.
 27008 | Orc:1    | Found a runed translucent gate.
 27008 | Orc:1    | Found a runed translucent gate.
 27085 | Orc:1    | Noticed prawnwizard's ghost (journeyman MfMo)
 27171 | Orc:1    | Found a roughly hewn altar of Beogh.
 27176 | Orc:1    | Identified the +1 plate armour of Claustrophobia {Str+5}
 27176 | Orc:1    | Noticed an orc warlord
 27257 | Orc:2    | Entered Level 2 of the Orcish Mines
 27257 | Orc:2    | Found a staircase to the Elven Halls.
 27876 | Orc:2    | Reached skill level 11 in Fighting
 28133 | Orc:2    | Found Afudaamp's General Store.
 28334 | Orc:2    | Found Fathrik's Distillery.
 29574 | Orc:2    | Reached skill level 12 in Fighting
 30022 | Orc:2    | Received a gift from Okawaru
 30139 | Orc:2    | Found Xel Qul's Book Emporium.
 30139 | Orc:2    | Found a one-way gate leading to the halls of Pandemonium.
 30139 | Orc:2    | Found Rorret's Antique Weapon Shoppe.
 30233 | Orc:2    | Bought a potion of might for 56 gold pieces
 30233 | Orc:2    | Bought a potion of haste for 140 gold pieces
 30233 | Orc:2    | Bought a potion of heal wounds for 70 gold pieces
 30233 | Orc:2    | Bought a potion of flight for 42 gold pieces
 30233 | Orc:2    | Bought a potion of flight for 42 gold pieces
 30301 | Orc:1    | Killed prawnwizard's ghost
 30307 | Orc:1    | Killed an orc warlord
 30323 | Orc:1    | Reached ****** piety under Okawaru
 30417 | Orc:1    | Got an ichor-stained kite shield
 30566 | Orc:1    | Identified the cursed +0 kite shield "Xuybluum" {MR+} (You
                  | found it on level 1 of the Orcish Mines)
 30939 | D:8      | Killed growler's ghost
 30939 | D:8      | Received a gift from Okawaru
 30956 | D:8      | Killed Gadfly's ghost
 31125 | D:12     | Reached skill level 13 in Fighting
 31259 | D:12     | Reached XP level 15. HP: 116/135 MP: 22/22
 31378 | D:12     | Identified the +6 morningstar "Museradd" {antimagic, Dex+3}
 31440 | D:12     | Noticed Azrael
 31475 | D:12     | Killed Azrael
 31688 | D:12     | Noticed Erolcha
 31700 | D:12     | Killed Erolcha
 31733 | D:12     | Got a warped leather armour
 31762 | D:12     | Noticed Snorg
 31777 | D:12     | Killed Snorg
 32022 | D:13     | Identified the cursed +0 leather armour of Rotation
                  | {Stlth+} (You found it on level 12 of the Dungeon)
 32150 | D:13     | Noticed Rupert
 32168 | D:13     | Killed Rupert
 32983 | D:13     | Found a gate to the Vaults.
 33560 | D:14     | Reached skill level 14 in Fighting
 34068 | D:14     | Reached skill level 10 in Shields
 34349 | D:14     | Received a gift from Okawaru
 34951 | D:15     | Entered Level 15 of the Dungeon
 35001 | D:15     | Found a gate leading to a gauntlet.
 35049 | Gauntlet | Entered a Gauntlet
 35049 | Gauntlet | Found a transporter.
 35049 | Gauntlet | Found a transporter.
 35054 | Gauntlet | Found a runed translucent door.
 35056 | Gauntlet | Found a transporter.
 35057 | Gauntlet | Found a transporter.
 35058 | Gauntlet | Found a transporter.
 35101 | Gauntlet | Found a transporter.
 35102 | Gauntlet | Found a transporter.
 35102 | Gauntlet | Found a transporter.
 35116 | Gauntlet | Found a transporter.
 35132 | Gauntlet | Found a transporter.
 35149 | Gauntlet | Found a runed translucent door.
 35150 | Gauntlet | Found a transporter.
 35151 | Gauntlet | Found a runed translucent door.
 35154 | Gauntlet | Found a transporter.
 35193 | Gauntlet | Found a transporter.
 35209 | Gauntlet | Found a transporter.
 35347 | Gauntlet | Got a faintly humming cloak
 35352 | Gauntlet | Identified the +0 cloak of Winter {Harm rF+ rC- rCorr} (You
                  | found it in a Gauntlet)
 35379 | Gauntlet | Identified the +1 scimitar of Extremism {antimagic, rElec
                  | MR+ Str+4}
 35395 | Gauntlet | Identified the Volume of Curses
 35821 | D:15     | Found an ornate altar of the Wu Jian Council.
 35855 | D:15     | Received a gift from Okawaru
 35855 | D:15     | Reached XP level 16. HP: 133/146 MP: 23/23
 35900 | D:15     | Identified the cursed +2 mace of Hepliaklqana's Wrath
                  | {vorpal, rN+} (You found it on level 15 of the Dungeon)
 35978 | D:15     | Identified the +9 war axe of Terra Cotta {protect, Dex+5}
                  | (You found it on level 15 of the Dungeon)
 36103 | D:15     | Received a gift from Okawaru
 36765 | D:15     | Found a staircase to the Depths.
 37052 | Lair:6   | Entered Level 6 of the Lair of Beasts
 37382 | Lair:6   | Received a gift from Okawaru
 38319 | Lair:6   | Received a gift from Okawaru
 38740 | Lair:6   | Reached skill level 15 in Shields
 39193 | Lair:6   | Identified the Almanac of Noxious Dark Arts
 40477 | D:11     | Identified the Almanac of Self-Knowledge
 40627 | Shoals:1 | Entered Level 1 of the Shoals
 40645 | Shoals:1 | Reached XP level 17. HP: 139/154 MP: 25/25
 40662 | Shoals:1 | Received a gift from Okawaru
 41702 | Shoals:1 | Received a gift from Okawaru
 43179 | Shoals:1 | Reached skill level 15 in Fighting
 43621 | Shoals:2 | Reached skill level 15 in Armour
 43650 | Shoals:2 | Received a gift from Okawaru
 43655 | Shoals:2 | Identified the +1 robe of Doqoukos {+Inv +Fly rN++ Str-4}
                  | (Okawaru gifted it to you on level 2 of the Shoals)
 43761 | Shoals:2 | Noticed Jorgrun
 43777 | Shoals:2 | Killed Jorgrun
 45116 | Shoals:3 | Got a translucent great sword
 46585 | Shoals:3 | Reached skill level 5 in Dodging
 46861 | Shoals:3 | Reached skill level 16 in Fighting
 47173 | Shoals:3 | Reached XP level 18. HP: 158/166 MP: 27/27
 48183 | Orc:2    | Bought a scroll of summoning for 152 gold pieces
 48204 | Elf:1    | Entered Level 1 of the Elven Halls
 48306 | Elf:1    | Found a radiant altar of Vehumet.
 48412 | Elf:1    | Noticed Frances
 48425 | Elf:1    | Killed Frances
 48425 | Elf:1    | Received a gift from Okawaru
 48906 | Elf:1    | Identified Kikubaaqudgha's Disquisition on Necromancy
 48919 | Elf:1    | Found Tipsijid's General Store.
 48928 | Elf:1    | Bought a scroll of identify for 34 gold pieces
 48928 | Elf:1    | Bought a scroll of identify for 34 gold pieces
 48928 | Elf:1    | Bought a wand of iceblast (10) for 238 gold pieces
 48928 | Elf:1    | Bought a potion of cancellation for 136 gold pieces
 49328 | Elf:1    | Paralysed by a floating eye for 4 turns
 49955 | Elf:1    | Received a gift from Okawaru
 50136 | Elf:1    | Identified a scroll of acquirement
 50137 | Elf:1    | Acquired a +0 broad axe of freezing
 50377 | Shoals:4 | Entered Level 4 of the Shoals
 50419 | Shoals:4 | Noticed Polyphemus
 50444 | Shoals:4 | Killed Polyphemus
 50654 | Shoals:4 | Noticed Ilsuiw
 50673 | Shoals:4 | Killed Ilsuiw
 50916 | Shoals:4 | Got a barnacled rune of Zot
 50976 | Shoals:4 | Received a gift from Okawaru
 51431 | Shoals:4 | Received a gift from Okawaru
 52496 | Vaults:1 | Entered Level 1 of the Vaults
 52844 | Vaults:1 | Reached XP level 19. HP: 147/174 MP: 28/28
 53077 | Vaults:1 | Received a gift from Okawaru
 53102 | Vaults:1 | Received a gift from Okawaru
 53923 | Vaults:1 | Reached skill level 17 in Fighting
 54534 | Vaults:1 | Reached skill level 10 in Dodging
 54991 | Spider:1 | Entered Level 1 of the Spider Nest
 55288 | Spider:1 | Received a gift from Okawaru
 55366 | Spider:1 | Noticed Louise
 55384 | Spider:1 | Killed Louise
 55400 | Spider:1 | Noticed Roxanne
 55413 | Spider:1 | Identified the +3 hand axe of the Moon {elec, +Inv rC-
                  | rN+++ Dex-4} (Okawaru gifted it to you on level 1 of the
                  | Spider Nest)
 55975 | Spider:1 | Identified the Compendium of Excruciating Stolen Souls
 56782 | Spider:1 | Killed Roxanne
 58225 | Spider:4 | Entered Level 4 of the Spider Nest
 58518 | Spider:4 | Received a gift from Okawaru
 59830 | Spider:4 | Received a gift from Okawaru
 59838 | Spider:4 | Reached XP level 20. HP: 163/187 MP: 0/29
 59904 | Spider:4 | Identified the +0 helmet of the Invisible Artisans {Regen+}
                  | (Okawaru gifted it to you on level 4 of the Spider Nest)
 60078 | Spider:4 | Got a gossamer rune of Zot
 60953 | Vaults:2 | Reached skill level 18 in Fighting
 61575 | Vaults:2 | Found a staircase to the Crypt.
 61575 | Vaults:2 | Found an ancient bone altar of Kikubaaqudgha.
 61576 | Vaults:2 | Found a basalt altar of Yredelemnul.
 61704 | Vaults:2 | Reached skill level 5 in Throwing
 61849 | Vaults:2 | Found Qeebemn's Weapon Boutique.
 62444 | Vaults:3 | Received a gift from Okawaru
 63195 | Vaults:3 | Reached skill level 19 in Fighting
 63253 | Vaults:3 | Received a gift from Okawaru
 63372 | Vaults:3 | Killed from afar by a fire dragon

Illustrated notes

Levels and vault maps discovered:
D:1:      lemuel_arrival_broad_hall, layout_loops_cross,
          corexii_leaking_fountain
D:2:      layout_loops_corners, grunt_temple_overflow_open,
          chequers_ecumenical_altar_simple, first_ration, corexii_shack,
          uniq_crazy_yiuf_cottage
D:3:      kennysheep_goblin_castle, layout_basic, lemuel_round_altar
D:4:      layout_loops_ring
D:5:      layout_loops_cross, nicolae_ru_the_path_less_chosen
D:6:      layout_basic, okawaru_gym_becter, minmay_misc_feat_four_crosses,
          nicolae_qazlal_style_of_elements, uniq_blork_the_orc, uniq_grinder
D:7:      layout_gridville, tso_altar, temple_doors_e, serial_shops, shop,
          uniq_harold
D:8:      layout_loops_ring, gammafunk_ghost_cemetery,
          hangedman_little_slice_of_home, uniq_joseph
D:9:      layout_small_grid, minitemple, vehumet_crystals
D:10:     layout_cave_pools, david_orc_3, serial_shops, nicolae_shop_statue_plus
D:11:     gammafunk_cloud_chamber, layout_long_grid, erik_lair_orcish_takeover,
          lemuel_altar_in_water2
D:12:     layout_rooms, uniq_snorg, uniq_azrael, uniq_erolcha
D:13:     layout_stronghold, david_vaults_1, uniq_rupert
D:14:     layout_roguey, minmay_stone_trees_medium
D:15:     hangedman_depths_entry_civil_slaughter, layout_long_grid,
          gauntlet_entry_generic, minmay_tree_intersection, basic_altar
Lair:1:   layout_loops_ring, eino_small_chamber_without_monster, uniq_sonja,
          uniq_maggie
Lair:2:   layout_loops_ring, elwin_shoals_entry_rooms
Lair:3:   layout_chaotic_city
Lair:4:   layout_cave_pods, spider_nest_entry_webs, uniq_urug, uniq_nergalle
Lair:5:   layout_loops_ring, slime_altar_1, lemuel_fruit_fields,
          serial_bayou_shore_a
Lair:6:   hangedman_lair_in_review, layout_regular_city,
          guppyfry_lair_end_dragon, serial_bayou_pond_a,
          minmay_lair_oklob_chamber
Shoals:1: layout_shoals, ldierk_geyser, nicolae_shoals_siren_and_animal_friends
Shoals:2: layout_shoals, uniq_jorgrun
Shoals:3: layout_shoals, hangedman_shoal_volcano
Shoals:4: shoals_end_hangedman, layout_shoals, shoals_ilsuiw_alternative,
          uniq_polyphemus
Spider:1: layout_chambers, drop_trap, uniq_roxanne, uniq_louise
Spider:2: layout_spider_delve
Spider:3: layout_spider_delve
Spider:4: spider_rune_water
Orc:1:    layout_diamond_mine, biasface_ghost_orc_armoury, portal_ice_cave_rime,
          trog_hazing_becter
Orc:2:    pf_orc_diabolical, layout_caves
Elf:1:    eino_elf_arrival_altar, layout_geoelf_diagonals, serial_shops, shop,
          minmay_elf_necromancy, onia_ninara_cookie, uniq_frances
Vaults:1: v_misc_9, vaults_room_pool, hangedman_vaults_stagger,
          nicolae_vaults_angled_halls, nicolae_vaults_three_branches,
          nicolae_vaults_rhombus_6, nicolae_vaults_asterisk, vaults_room_pools,
          st_lines, layout_vaults_quadrants
Vaults:2: grunt_vaults_swirl, v_misc_25, nicolae_vaults_lopsided_apartments,
          hangedman_vaults_corner, minmay_crypt_entry_necro_gods,
          vaults_room_fancy_cross, nicolae_vaults_little_squares_1,
          vaults_dpeg_ring, layout_vaults_chaotic_city, serial_shops, shop
Vaults:3: nicolae_vaults_theta, hangedman_vaults_slither, serial_ice_g,
          nicolae_vaults_minivaults, serial_ice_h, v_pattern_1, v_misc_26,
          vaults_room_hallway, vaults_standard_mumra_x, ontoclasm_vaults_pinch,
          vaults_dpeg_encased_lava, layout_vaults_ring

Skill      XL: |  1  2  3  4  5  6  7  8  9 10 11 12 13 14 15 16 17 18 19 20 |
---------------+-------------------------------------------------------------+-----
Fighting       | 1 2 3 4 6 8 10 13 14 16 17 19 | 19.1
Axes           | 1 2 3 5 6 8 9 16 17 | 17.5
Spellcasting   | 2 3 4 |  4.0
Conjurations   | 2 3 4 |  4.0
Air Magic      | 3 |  3.0
Armour         | 1 3 4 5 7 11 12 14 15 16 17 18 | 18.0
Shields        | 1 2 3 5 11 15 16 | 16.0
Charms         | 1 |  1.0
Evocations     | 1 2 4 |  4.0
Throwing       | 2 4 7 |  7.2
Dodging        | 2 5 9 10 | 10.0
Invocations    | 1 3 4 7 10 12 13 14 | 14.0
Maces & Flails | 5 6 |  6.7
Stealth        | 2 |  2.0

Action                   |  1- 3 |  4- 6 |  7- 9 | 10-12 | 13-15 | 16-18 | 19-21 || total
-------------------------+-------+-------+-------+-------+-------+-------+-------++-------
Melee: Hand axe          |    36 |    83 |   315 |       |       |       |       ||   434
       War axe           |       |       |       |   797 |  1064 |    79 |   110 ||  2050
       Flail             |       |       |       |     3 |    90 |       |       ||    93
       Broad axe         |       |       |       |       |   476 |  1344 |   992 ||  2812
Throw: Stone             |     9 |    11 |       |       |       |       |       ||    20
       Dart              |       |     1 |    59 |   137 |    80 |    13 |     6 ||   296
       Throwing net      |       |       |     1 |     1 |       |     1 |       ||     3
       Javelin           |       |       |       |    11 |    26 |    37 |     3 ||    77
       Boomerang         |       |       |       |     2 |    90 |   134 |   111 ||   337
 Cast: Shock             |    36 |   134 |   187 |    49 |       |       |       ||   406
       Swiftness         |       |     1 |       |       |       |       |       ||     1
       Magic Dart        |       |       |       |     9 |       |       |       ||     9
Invok: Heroism           |       |       |     3 |    16 |    32 |     8 |     3 ||    62
       Finesse           |       |       |       |       |     7 |    11 |     6 ||    24
 Abil: Stop Flying       |       |       |       |       |     1 |     4 |       ||     5
       Evoke Flight      |       |       |       |       |       |     5 |       ||     5
Evoke: Wand              |       |       |    11 |     5 |    10 |    16 |     3 ||    45
       Phantom mirror    |       |       |       |       |       |     1 |       ||     1
  Use: Scroll            |     6 |     7 |    11 |    11 |    11 |    15 |     5 ||    66
       Potion            |       |     1 |     2 |     2 |     5 |     2 |     3 ||    15
 Stab: Sleeping          |     3 |     1 |       |     1 |       |       |       ||     5
       Paralysed         |       |       |    21 |     6 |    10 |       |       ||    37
       Invisible         |       |       |     1 |       |       |       |       ||     1
       Held in net/web   |       |       |       |     2 |       |       |       ||     2
       Petrified         |       |       |       |       |       |     9 |       ||     9
       Petrifying        |       |       |       |       |       |     1 |       ||     1
       Distracted        |       |       |       |       |       |       |     1 ||     1
  Eat: Chunk             |     5 |    13 |    14 |    15 |    11 |    24 |    19 ||   101
       Ration            |       |       |     3 |     6 |     9 |     8 |     4 ||    30
Armor: Robe              |     8 |    20 |       |       |       |       |       ||    28
       Leather armour    |       |    12 |    23 |       |       |       |       ||    35
       Ring mail         |       |       |   106 |   325 |    38 |       |       ||   469
       Chain mail        |       |       |       |       |   605 |   501 |   333 ||  1439
       Fire dragon scale |       |       |       |       |       |    11 |       ||    11
Dodge: Dodged            |    36 |    81 |   164 |   380 |   563 |   482 |   401 ||  2107
       Repelled          |       |       |       |       |       |    48 |    12 ||    60
Block: Buckler           |       |       |    14 |   163 |   278 |   137 |       ||   592
       Kite shield       |       |       |       |       |     6 |   529 |   609 ||  1144
